 Dungeon Crawl Stone Soup version 0.31-a0-204-g7da18cac08 (webtiles) character file.

Game seed: 7553649851546697194

27255 funkygono the Arsonist (level 13, -2/70 HPs)
             Began as a Gargoyle Fire Elementalist on June 26, 2023.
             Was a Priest of Vehumet.
             Slain by a boulder beetle (22 damage)
             ... on level 4 of the Lair of Beasts on June 27, 2023.
             The game lasted 00:28:36 (15122 turns).

funkygono the Arsonist (GrFE)                      Turns: 15122, Time: 00:28:37

Health: -2/70      AC: 23    Str: 13    XL:     13   Next: 31%
Magic:  20/29      EV: 13    Int: 20    God:    Vehumet [***...]
Gold:   1479       SH:  0    Dex:  8    Spells: 22/37 levels left

rFire   + . .        A - +4 whip
rCold   . . .        (no shield)
rNeg    + . .        t - +2 robe "Ysacostie" {Dex+3}
rPois   ∞            k - +3 helmet "Kahath" {+Blink +Inv rF+ Dex-5}
rElec   +            (no cloak)
rCorr   .            i - +0 pair of gloves
SInv    .            c - +0 pair of boots
Will    .....        d - amulet of regeneration
Stlth   ++           f - ring of wizardry
HPRegen 1.11/turn    E - +4 ring of protection
MPRegen 0.21/turn

%: wizardry (x1)
@: brilliant, on berserk cooldown, slowed, very slow
A: sickness immunity, AC +9, negative energy resistance 1, electricity
resistance, torment resistance 1, petrification resistance
a: Renounce Religion, Evoke Blink, Evoke Invisibility


You were on level 4 of the Lair of Beasts.
You worshipped Vehumet.
Vehumet was most pleased with you.
You visited 3 branches of the dungeon, and saw 14 of its levels.

You collected 1479 gold pieces.

Inventory:

Hand Weapons
 w - a +1 whip of freezing
 z - a +2 mace of holy wrath
 A - a +4 whip (weapon)
 H - a +1 whip of electrocution
Missiles
 e - a throwing net
Armour
 c - a +0 pair of boots (worn)
 i - a +0 pair of gloves (worn)
 k - the +3 helmet "Kahath" (worn) {+Blink +Inv rF+ Dex-5}
   (You acquired it on level 2 of the Dungeon)

   Dex:       It affects your dexterity (-5).
   rF:        It protects you from fire.
   +Inv:      It lets you turn invisible.
   +Blink:    It lets you blink.
 n - a +2 robe of positive energy
 t - the +2 robe "Ysacostie" (worn) {Dex+3}
   (You found it on level 4 of the Dungeon)

   Dex:       It affects your dexterity (+3).
Jewellery
 d - an amulet of regeneration (around neck)
 f - a ring of wizardry (left hand)
 o - a ring of flight
 r - a ring of protection from cold
 u - a ring of protection from fire
 x - the ring "Yggyheam" {rElec rN+ Str+6 Dex+2}
   (You found it on level 4 of the Dungeon)

   [ring of strength]

   Str:       It affects your strength (+6).
   Dex:       It affects your dexterity (+2).
   rElec:     It insulates you from electricity.
   rN:        It protects you from negative energy.
 E - a +4 ring of protection (right hand)
 J - a ring of positive energy
 L - a ring of wizardry
 M - an amulet of guardian spirit
 P - a +4 ring of protection
 S - an amulet of reflection
Wands
 j - a wand of roots (13)
 q - a wand of polymorph (14)
 y - a wand of mindburst (11)
 D - a wand of paralysis (6)
 Q - a wand of light (6)
Scrolls
 l - 2 scrolls of blinking
 m - 3 scrolls of revelation
 v - 4 scrolls of teleportation
 K - 2 scrolls of enchant weapon
 O - a scroll of amnesia
 T - a scroll of identify
Potions
 a - 3 potions of berserk rage
 b - 2 potions of magic
 g - 2 potions of mutation
 h - 2 potions of haste
 s - 3 potions of lignification
 B - 2 potions of might
 C - 4 potions of curing
 F - a potion of resistance
 G - a potion of attraction
 I - a potion of cancellation {unknown}
 N - 3 potions of heal wounds {unknown}
 R - a potion of enlightenment {unknown}


   Skills:
 + Level 3.8 Fighting
 + Level 5.5 Maces & Flails
 + Level 5.8 Dodging
 - Level 2.1 Stealth
 + Level 12.5 Spellcasting
 + Level 8.6 Conjurations
 + Level 1.1 Translocations
 + Level 13.0 Fire Magic
 + Level 2.3 Earth Magic


You had 22 spell levels left.
You knew the following spells:

 Your Spells              Type           Power      Damage    Failure   Level
a - Foxfire               Conj/Fire      100%       2x1d9     1%          1
b - Scorch                Fire           100%       2d9       1%          2
c - Volatile Blastmotes   Fire/Tloc      100%       2d18      1%          3
d - Flame Wave            Conj/Fire      71%        2d16      1%          4
e - Sandblast             Erth           66%        2d15      1%          1
f - Iskenderun's Mystic   Conj/Tloc      48%        2d11      1%          4

Your spell library contained the following spells:

 Spells                   Type           Power      Damage    Failure   Level
 Ignite Poison            Fire/Tmut/Pois 44%        N/A       1%          3
 Inner Flame              Hex/Fire       55%        N/A       1%          3
 Fulminant Prism          Conj/Hex       22%        3d12      1%          4
 Lee's Rapid Deconstruct  Erth           16%        3d10*     7%          5
 Dispel Undead            Necr           18%        3d11      21%         4
 Death Channel            Necr           9%         N/A       96%         6
 Cigotuvi's Dreadful Rot  Necr/Pois/Air  Unusable   N/A       N/A         2

Dungeon Overview and Level Annotations

Branches:
Dungeon (9/15)             Temple (1/1) D:4            Lair (4/5) D:9
  Swamp (0/4) Lair:3        Snake (0/4) Lair:2
  Slime: Lair:4-5       Orc: D:9-12

Altars:
Ashenzari
Cheibriados
Dithmenos
Elyvilon
Fedhas
Gozag
Hepliaklqana
Kikubaaqudgha
Makhleb
Nemelex Xobeh
Okawaru
Qazlal
Ru
Sif Muna
Trog
Uskayaw
Vehumet
Wu Jian
Xom
Yredelemnul
Zin
The Shining One
Lugonu

Shops:
D:3 =   D:8 *

Portals:
Abyss: Lair:3


Innate Abilities, Weirdness & Mutations

You are immune to sickness and miasma.
Your stone body is resilient. (AC +9)
You are immune to poison.
You resist negative energy. (rN+)
You are resistant to electric shocks. (rElec)
You are resistant to unholy torment.
You are immune to petrification.


Message History

The boulder beetle is lightly wounded.
You barely miss the boulder beetle.
The boulder beetle is lightly wounded.
The boulder beetle bites you!
You hit the boulder beetle but do no damage.
The boulder beetle is lightly wounded.
You hit the boulder beetle but do no damage.
The boulder beetle is lightly wounded.
The boulder beetle bites you.
You hit the boulder beetle but do no damage.
The boulder beetle is lightly wounded.
You whack the boulder beetle!
The boulder beetle is moderately wounded.
The boulder beetle leaps!
You feel a strong urge to attack something.
You see here a water moccasin corpse.
You are no longer berserk.
You are exhausted.
You feel yourself slow down. The boulder beetle bites you.
You hit the boulder beetle but do no damage.
The boulder beetle is moderately wounded.
The boulder beetle leaps!
A cane toad comes into view.
The boulder beetle closely misses you.
The cane toad croaks.
The boulder beetle bites you! x2
* * * LOW HITPOINT WARNING * * *
The boulder beetle curls into a ball and begins rolling!
The boulder beetle hits you!
* * * LOW HITPOINT WARNING * * *
The boulder beetle stops rolling and uncurls.
The boulder beetle bites you.
* * * LOW HITPOINT WARNING * * *
The boulder beetle bites you but does no damage.
The boulder beetle bites you but does no damage.
The boulder beetle curls into a ball and begins rolling!
The cane toad attacks as you move away! The cane toad barely misses you. x2
You feel clever all of a sudden. The boulder beetle hits you!!
You die...

..##.....#. .....# ##.#.#.
....._...# #....###......
#.....P# #.....##...##.
#.....## #......#...##.
#.#.....# +....P###.####
#...†.# #.....##..# P.
##....#########.....###.###P
##......#.#B#.##........†....
...........°°F@.........P......
.#.####.....°#.###..###P...###.
## #.######## #### ###### ##
###


You could see a boulder beetle (rolling) and a cane toad.

Vanquished Creatures
  A hydra (Lair:2)
  A catoblepas (Lair:4)
  Erica (D:8)
  A boulder beetle (Lair:3)
  A death yak (Lair:2)
  Pikel (D:9)
  A salamander (Lair:2)
  4 black mambas
  16 cane toads
  2 rime drakes
  9 komodo dragons
  2 polar bears
  4 dream sheep (Lair:3)
  A hornet (D:6)
  13 blink frogs
  A wraith (D:9)
  A wyvern (D:7)
  37 yaks
  3 basilisks
  A steam dragon (D:9)
  3 vampire mosquitoes (Lair:3)
  5 water moccasins
  2 sky beasts
  2 orc warriors (D:9)
  An ice beast (D:6)
  6 black bears
  2 ogres
  A lemure (D:9)
  2 centaurs (D:8)
  8 bullfrogs
  A gnoll sergeant (D:8)
  9 wights
  11 killer bees
  7 howler monkeys
  An electric eel (Lair:3)
  A lava snake (Lair:2)
  4 hounds
  2 jellies
  3 gnoll boudas
  3 iguanas
  A sleepcap (D:6)
  8 orc wizards
  19 gnolls
  7 adders
  A shadow imp (D:7)
  2 white imps
  2 ufetubi
  2 worms (D:2)
  2 dart slugs
  15 orcs
  5 bats
  7 endoplasms
  A giant cockroach (D:3)
  3 goblins
  4 hobgoblins
  6 kobolds
  4 quokkas
  A ball python (D:1)
  3 rats
  A lurking horror (Lair:3)
269 creatures vanquished.

Vanquished Creatures (collateral kills)
  8 foxfires
8 creatures vanquished.

Vanquished Creatures (others)
  A lava snake (Lair:2)
  809 foxfires
810 creatures vanquished.

Grand Total: 1087 creatures vanquished

Notes
Turn   | Place    | Note
-------+----------+-------------------------------------------
     0 | D:1      | funkygono the Gargoyle Fire Elementalist began the quest
                  | for the Orb.
     0 | D:1      | Reached XP level 1. HP: 10/10 MP: 3/3
   343 | D:1      | Reached XP level 2. HP: 15/15 MP: 3/5
   346 | D:1      | Learned a level 2 spell: Scorch
  1229 | D:2      | Reached XP level 3. HP: 17/19 MP: 2/6
  1775 | D:2      | Learned a level 3 spell: Volatile Blastmotes
  1778 | D:2      | Identified 3 scrolls of acquirement
  1778 | D:2      | Acquired an amulet of regeneration
  1785 | D:2      | Acquired a ring of wizardry
  1788 | D:2      | Acquired the +3 helmet "Kahath" {+Blink +Inv rF+ Dex-5}
  1915 | D:3      | Found Lakoennanki's One-of-a-Kind Rings.
  2202 | D:3      | Reached XP level 4. HP: 24/24 MP: 4/7
  2340 | D:3      | Reached skill level 1 in Maces & Flails
  2875 | D:4      | Reached skill level 4 in Fire Magic
  2938 | D:4      | Identified the +2 robe "Ysacostie" {Dex+3}
  3337 | D:4      | Found a staircase to the Ecumenical Temple.
  3344 | Temple   | Entered the Ecumenical Temple
  3670 | D:4      | Noticed an ogre
  3675 | D:4      | Killed an ogre
  3676 | D:4      | Reached XP level 5. HP: 28/28 MP: 4/9
  3854 | D:4      | Learned a level 4 spell: Flame Wave
  4001 | D:4      | Reached XP level 6. HP: 33/33 MP: 6/11
  4372 | D:4      | Identified the ring "Yggyheam" {rElec rN+ Str+6 Dex+2}
  4516 | D:5      | Entered Level 5 of the Dungeon
  5030 | D:5      | Reached skill level 5 in Fire Magic
  5101 | D:5      | Noticed a +0 short sword
  5101 | D:5      | Noticed a +0 dagger
  5102 | D:5      | Noticed a +0 spear
  5103 | D:5      | Noticed a +0 falchion
  5103 | D:5      | Noticed a +0 falchion
  5104 | D:5      | Noticed a +0 dagger
  5137 | D:5      | Noticed a +0 spear
  5139 | D:5      | Noticed a +0 short sword
  5152 | D:5      | Found a hide-covered altar of Uskayaw.
  5397 | D:5      | Reached XP level 7. HP: 37/37 MP: 9/12
  6135 | D:6      | Reached skill level 6 in Fire Magic
  6135 | D:6      | Reached XP level 8. HP: 42/42 MP: 7/15
  6339 | D:6      | Reached skill level 1 in Fighting
  6378 | D:6      | Reached skill level 5 in Spellcasting
  6694 | D:6      | Acquired 807 gold pieces
  6717 | D:7      | Noticed a hornet
  6722 | D:7      | Noticed a wyvern
  6727 | D:6      | Killed a hornet
  6822 | D:7      | Killed a wyvern
  7177 | D:7      | Reached skill level 7 in Fire Magic
  7415 | D:7      | Reached XP level 9. HP: 47/47 MP: 9/17
  7885 | D:8      | Noticed Erica
  7891 | D:8      | Killed Erica
  7892 | D:8      | Reached skill level 5 in Conjurations
  7892 | D:8      | Reached skill level 8 in Fire Magic
  8047 | D:8      | Reached XP level 10. HP: 45/53 MP: 1/21
  8048 | D:8      | Reached skill level 1 in Translocations
  8278 | D:8      | Found Somat's Mass Market.
  8349 | D:8      | Found a radiant altar of Vehumet.
  8481 | D:8      | Became a worshipper of Vehumet
  8818 | D:8      | Found a glowing golden altar of the Shining One.
  9157 | D:9      | Reached skill level 9 in Fire Magic
  9312 | D:9      | Noticed Pikel
  9326 | D:9      | Killed Pikel
  9734 | D:9      | Reached XP level 11. HP: 16/58 MP: 10/24
 10279 | D:9      | Found a staircase to the Lair.
 10379 | D:9      | Reached skill level 10 in Fire Magic
 10527 | Lair:1   | Entered Level 1 of the Lair of Beasts
 10733 | Lair:1   | Reached * piety under Vehumet
 10733 | Lair:1   | Offered knowledge of Freeze by Vehumet.
 11201 | Lair:1   | Reached skill level 10 in Spellcasting
 11771 | Lair:2   | Reached skill level 11 in Fire Magic
 11907 | Lair:1   | Reached skill level 5 in Maces & Flails
 11911 | Lair:1   | Reached XP level 12. HP: 51/64 MP: 21/26
 11943 | Lair:1   | Offered knowledge of Sandblast by Vehumet.
 11989 | Lair:2   | Noticed an eight-headed hydra
 11994 | Lair:2   | Killed an eight-headed hydra
 11995 | Lair:2   | Reached skill level 5 in Dodging
 12048 | Lair:1   | Upgraded the game from 0.31-a0-202-g547052bce9 to
                  | 0.31-a0-204-g7da18cac08
 12059 | Lair:2   | Reached ** piety under Vehumet
 12105 | Lair:2   | Noticed a death yak
 12127 | Lair:2   | Killed a death yak
 12614 | Lair:2   | Reached skill level 12 in Fire Magic
 12993 | Lair:2   | Found a staircase to the Snake Pit.
 13032 | Lair:2   | Learned a level 1 spell: Sandblast
 13037 | Lair:2   | Learned a level 4 spell: Iskenderun's Mystic Blast
 13403 | Lair:3   | Reached skill level 1 in Earth Magic
 13445 | Lair:3   | Offered knowledge of Ignite Poison by Vehumet.
 13614 | Lair:3   | Reached XP level 13. HP: 61/69 MP: 16/29
 13614 | Lair:3   | Reached *** piety under Vehumet
 13978 | Lair:3   | Found a staircase to the Swamp.
 14221 | Lair:3   | Found a corrupted altar of Lugonu.
 14221 | Lair:3   | Found a one-way gate to the infinite horrors of the Abyss.
 15070 | Lair:4   | Found a shimmering altar of Xom.
 15081 | Lair:4   | Reached skill level 13 in Fire Magic
 15122 | Lair:4   | Slain by a boulder beetle

Illustrated notes

Levels and vault maps discovered:
D:1:      roderic_crossed_star, layout_loops_corners, nrook_mini_backslash
D:2:      layout_loops_cross, minmay_misc_feat_more_columns
D:3:      minmay_inner_zag, layout_loops_ring, minmay_misc_feat_plants,
          grunt_decor_mini_mirrors, serial_park_tiny_2,
          nicolae_shop_unique_rings
D:4:      layout_layer_cave, minmay_temple_entry_enclosed_plants
D:5:      layout_cave_pods, nicolae_uskayaw_en_pointe
D:6:      layout_rooms, kennysheep_boxes
D:7:      layout_loops_ring, serial_park_tiny_1
D:8:      layout_loops_ring, vehumet_crystals,
          mainiacjoe_overflow_surrounded_room, minmay_shop_mass, uniq_erica
D:9:      layout_cave_pools, grunt_lair_entry_orc_guard_hut, uniq_pikel
Temple:   compressed_dpeg_triangle_lava_temple
Lair:1:   layout_loops_ring
Lair:2:   layout_gridlike, nicolae_snake_entry_warm_welcome,
          beast_lair_carwin_10
Lair:3:   layout_loops_ring, minmay_swamp_entry_swarm,
          amcnicky_altar_lugonu_corruption
Lair:4:   layout_regular_city, basic_altar, lookout_lair_type,
          minmay_lair_oklob_bushes

Skill      XL: |  1  2  3  4  5  6  7  8  9 10 11 12 13 |
---------------+----------------------------------------+-----
Dodging        | 2 3 4 5 |  5.8
Maces & Flails | 1 2 3 5 |  5.5
Fire Magic     | 4 5 6 7 8 9 11 12 13 | 13.0
Conjurations   | 2 3 4 5 6 7 8 |  8.6
Spellcasting   | 3 4 5 7 9 10 12 | 12.5
Fighting       | 1 2 3 |  3.8
Translocations | 1 |  1.1
Earth Magic    | 2 |  2.3
Stealth        | |  2.1

Action                     |  1- 3 |  4- 6 |  7- 9 | 10-12 | 13-15 || total
---------------------------+-------+-------+-------+-------+-------++-------
  Melee: Club              |    40 |    27 |       |       |       ||    67
         Whip              |       |     7 |    96 |   161 |    51 ||   315
         Punch             |       |       |     1 |       |     3 ||     4
   Cast: Foxfire           |    41 |    63 |   102 |   209 |    61 ||   476
         Scorch            |     3 |    14 |    42 |    88 |    40 ||   187
         Volatile Blastmot |       |       |     3 |     1 |       ||     4
         Flame Wave        |       |       |     4 |    38 |     8 ||    50
         Sandblast         |       |       |       |    14 |     5 ||    19
         Iskenderun's Myst |       |       |       |     4 |       ||     4
    Use: Scroll            |     9 |     4 |     5 |     3 |     1 ||    22
         Potion            |       |       |       |       |     3 ||     3
   Stab: Sleeping          |     1 |       |       |     1 |       ||     2
 Armour: Robe              |    15 |    16 |    66 |   174 |    36 ||   307
  Dodge: Dodged            |    17 |    30 |   103 |   174 |    49 ||   373

Table legend: (Time is in decaauts)
 A = Elapsed time spent in this place.
 B = Non-inter-level travel time spent in this place.
 C = Inter-level travel time spent in this place.
 D = Time resting spent in this place.
 E = Time spent auto-exploring this place.
 F = Levels seen in this place.
 G = Mean time per level.
                   A        B        C        D        E       F      G
               +--------+--------+--------+--------+--------+-----+--------+
         Total |  15145 |  14823 |    322 |    359 |  12085 |  14 | 1081.8 |
       Dungeon |  10253 |  10012 |    241 |    257 |   8280 |   9 | 1139.2 |
        Temple |    288 |    262 |     26 |      0 |    251 |   1 |  288.0 |
          Lair |   4603 |   4548 |     55 |    102 |   3554 |   4 | 1150.8 |
               +--------+--------+--------+--------+--------+-----+--------+

Top non-repeatable levels by time:
  Lair:1: 1590 daAuts
  Lair:2: 1388 daAuts
     D:8: 1384 daAuts
     D:4: 1360 daAuts
     D:5: 1283 daAuts
     D:7: 1185 daAuts
     D:9: 1145 daAuts
     D:3: 1051 daAuts
  Lair:3: 1012 daAuts
     D:6: 1010 daAuts
     D:1: 982 daAuts
     D:2: 849 daAuts
  Lair:4: 612 daAuts
  Temple: 288 daAuts
